 Dungeon Crawl Stone Soup version 0.30.0-29-ga12c61a403 (webtiles) character file.

Game seed: 6242273416808387787

3280 LustLizard the Destroyer (level 10, -12/66 HPs)
             Began as an Octopode Conjurer on June 23, 2023.
             Was an Elder of Uskayaw.
             Shot with a sling bullet by Joseph (22 damage)
             ... on level 8 of the Dungeon.
             The game lasted 00:13:27 (8064 turns).

LustLizard the Destroyer (Octopode Conjurer)        Turns: 8064, Time: 00:13:28

Health: -12/66     AC:  1    Str: 11    XL:     10   Next: 0%
Magic:  8/17       EV: 23    Int: 21    God:    Uskayaw [****..]
Gold:   369        SH:  0    Dex: 10    Spells: 14/19 levels left

rFire   . .          .
                       - Unarmed
rCold   + . .        (no shield)
rNeg    + . .        (helmet restricted)
rPois   .            e - amulet of magic regeneration
rElec   .            j - ring of see invisible
rCorr   .            A - +5 ring of evasion
SInv    +            E - +5 ring of evasion
Will    .....        B - ring of positive energy
Stlth   ++++         G - ring of protection from cold
HPRegen 0.31/turn    (no ring)
MPRegen 0.55/turn    (no ring)
                     (no ring)

%: no passive effects
@: no status effects
A: almost no armour, amphibious, 8 rings, camouflage 1, gelatinous body 1,
(nimble swimmer 1), tentacles
a: Renounce Religion, Stomp, Line Pass


You were on level 8 of the Dungeon.
You worshipped Uskayaw.
Uskayaw was noncommittal.
You visited 2 branches of the dungeon, and saw 9 of its levels.
You also visited: Ossuary.

You collected 369 gold pieces.

Inventory:

Missiles
 m - 2 throwing nets
Armour
 t - a +0 buckler
Jewellery
 e - an amulet of magic regeneration (around mantle)
 i - an amulet of reflection
 j - a ring of see invisible (left tentacle)
 p - an amulet of guardian spirit
 A - a +5 ring of evasion (right tentacle)
 B - a ring of positive energy (on tentacle)
 E - a +5 ring of evasion (on tentacle)
 G - a ring of protection from cold (on tentacle)
Wands
 q - a wand of flame (35)
Scrolls
 b - 6 scrolls of teleportation
 d - 4 scrolls of vulnerability {unknown}
 l - a scroll of poison {unknown}
 n - 3 scrolls of identify
 o - 2 scrolls of fear {unknown}
 r - a scroll of fog {unknown}
 v - 4 scrolls of enchant armour {unknown}
 x - a scroll of magic mapping {unknown}
 y - 2 scrolls of amnesia {unknown}
 z - a scroll of enchant weapon {unknown}
 C - 2 scrolls of immolation {unknown}
 D - a scroll of noise {unknown}
Potions
 a - a potion of magic
 c - 2 potions of brilliance
 f - a potion of resistance {unknown}
 g - 4 potions of curing
 h - a potion of invisibility {unknown}
 k - 2 potions of degeneration {unknown}
 s - 3 potions of attraction {unknown}
 u - 2 potions of heal wounds
 w - 4 potions of lignification
 F - a potion of ambrosia {unknown}
 H - 2 potions of flight {unknown}


   Skills:
 + Level 5.0 Fighting
 + Level 3.0 Dodging
 - Level 5.0 Stealth
 + Level 2.1 Shields
 + Level 2.1 Unarmed Combat
 + Level 5.2 Spellcasting
 * Level 8.7 Conjurations
 - Level 6.0 Hexes
 * Level 3.2 Invocations


You had 14 spell levels left.
You knew the following spells:

 Your Spells              Type           Power      Damage    Failure   Level
a - Magic Dart            Conj           100%       1d8       1%          1
b - Fulminant Prism       Conj/Hex       18%        3d11      5%          4

Your spell library contained the following spells:

 Spells                   Type           Power      Damage    Failure   Level
 Searing Ray              Conj           84%        2d7       1%          2
 Dazzling Flash           Conj/Hex       72%        N/A       1%          3
 Stone Arrow              Conj/Erth      46%        3d9       5%          3
 Apportation              Tloc           10%        N/A       11%         1
 Necrotise                Necr           20%        1d5       11%         1
 Summon Small Mammal      Summ           20%        N/A       11%         1
 Iskenderun's Mystic Bla  Conj/Tloc      23%        2d6       19%         4
 Frozen Ramparts          Ice            10%        1d2       32%         3
 Ice Form                 Ice/Tmut       5%         N/A       71%         4
 Summon Ice Beast         Ice/Summ       5%         N/A       71%         4
 Lehudib's Crystal Spear  Conj/Erth      11%        10d4      100%        8
 Animate Armour           Summ/Erth      Unusable   N/A       N/A         4

Dungeon Overview and Level Annotations

Branches:
Dungeon (8/15)             Temple (1/1) D:6         Ossuary (visited)
   Lair: D:8-11

Altars:
Dithmenos
Elyvilon
Fedhas
Hepliaklqana
Kikubaaqudgha
Makhleb
Nemelex Xobeh
Qazlal
Ru
Trog
Uskayaw
Wu Jian
Xom
Yredelemnul
Zin
The Shining One

Shops:
D:3 [   D:6 :   D:7 *

Annotations:
D:8 Joseph


Innate Abilities, Weirdness & Mutations

You cannot wear most types of armour.
You are amphibious.
You can wear up to eight rings at the same time.
Your skin changes colour to match your surroundings (Stealth+).
Your rubbery body absorbs attacks. (AC +1, EV +1)
((You are camouflaged when in or above water. (Stealth+)))
You have tentacles for arms and can constrict up to eight enemies at once.


Message History

You tentacle-slap the wyvern but do no damage.
You squeeze the wyvern!
The wyvern is heavily wounded.
Joseph is no longer paralysed.
The wyvern is no longer paralysed.
Your fulminant prism crackles loudly.
The wyvern closely misses you.
You tentacle-slap the wyvern but do no damage.
The wyvern is heavily wounded.
The howler monkey is no longer paralysed.
The wyvern bites you!
* * * LOW HITPOINT WARNING * * *
Your fulminant prism explodes!
The blast of energy engulfs the howler monkey!
You kill the howler monkey!
The blast of energy engulfs Joseph!!
Joseph is almost dead.
The blast of energy engulfs the wyvern!!
You kill the wyvern!
Joseph zaps a wand.
The puff of flame hits you.
* * * LOW HITPOINT WARNING * * *
You hear a shout!
Uskayaw will force your foes to share their pain.
Your Fighting skill increases to level 5!
Your Dodging skill increases to level 3!
Your Shields skill increases to level 2!
Your Invocations skill increases to level 3!
You have reached level 10!
You feel clever.
Aiming: Magic Dart (safe; 1% risk of failure)
Press: ? - help, Q - select action, (/) - cycle Shift-Dir - straight line The magic dart hits Joseph.
Joseph is almost dead.
Joseph zaps a wand.
The puff of flame misses you.
Unknown command.
Aiming: Magic Dart (safe; 1% risk of failure)
Press: ? - help, Q - select action, (/) - cycle Shift-Dir - straight line The magic dart hits Joseph.
Joseph is almost dead.
Joseph shoots a sling bullet.
The sling bullet hits you!!
You die...

#.###############
#...............#
.###.....#########.#
.....###.# #.#
..#.....# #.#
#...###.# #.# .>...
## #.### #.# .....
#.####...# ###.###
...... #...@†@..#
#.....# ....8.
######†..# #.....#
......#######...#
#.....#
###.....@.......#
#.....#
........######h.#
#.....# #.$.h.....#
##.#### #)######..#
#.# ...# #..# #.#
###.. ....# #.#


You could see Joseph.

Vanquished Creatures
  Pikel (D:7)
  Maggie (D:7)
  3 wyverns (D:8)
  An acid dragon (D:8)
  A water moccasin (D:7)
  An orc warrior (D:7)
  An ogre (D:6)
  A centaur (D:7)
  2 phantoms (D:5)
  A lemure (D:7)
  2 kobold brigands (D:6)
  A bullfrog (D:8)
  2 scorpions
  A gnoll sergeant (D:8)
  4 howler monkeys
  A centaur zombie (Ossuary)
  2 orc priests
  4 hounds
  Crazy Yiuf (D:3)
  2 human zombies (Ossuary)
  Ijyb (D:3)
  Jessica (D:3)
  Terence (D:2)
  5 orc wizards
  Natasha (thrice) (D:2)
  2 mummies (Ossuary)
  11 gnolls
  8 adders
  A white imp (D:7)
  An ufetubus (D:5)
  2 adder zombies (Ossuary)
  A worm (D:2)
  4 dart slugs
  16 orcs
  9 endoplasms
  4 giant cockroaches (D:1)
  8 hobgoblins
  8 quokkas
  10 ball pythons
  2 bats (D:3)
  3 frilled lizards
  6 goblins
  10 hobgoblin zombies (Ossuary)
  2 jackal zombies (Ossuary)
  19 kobolds
  11 kobold zombies (Ossuary)
  6 orc zombies (Ossuary)
  10 rats
  3 rat zombies (Ossuary)
201 creatures vanquished.

Vanquished Creatures (others)
  13 fulminant prisms
13 creatures vanquished.

Grand Total: 214 creatures vanquished

Notes
Turn   | Place    | Note
-------+----------+-------------------------------------------
     0 | D:1      | LustLizard the Octopode Conjurer began the quest for the
                  | Orb.
     0 | D:1      | Reached XP level 1. HP: 11/11 MP: 3/3
    81 | D:1      | Found a faded altar of an unknown god.
   197 | D:1      | Reached XP level 2. HP: 18/18 MP: 3/5
   356 | D:1      | Reached XP level 3. HP: 22/22 MP: 4/6
   444 | D:1      | Reached skill level 1 in Fighting
   828 | D:2      | Noticed Natasha
   837 | D:2      | Killed Natasha
   838 | D:2      | Reached XP level 4. HP: 20/28 MP: 0/7
   938 | D:2      | Noticed Natasha
   943 | D:2      | Killed Natasha
   977 | D:2      | Noticed Natasha
   981 | D:2      | Killed Natasha
   982 | D:2      | Reached XP level 5. HP: 27/34 MP: 5/9
  1052 | D:2      | Reached skill level 5 in Conjurations
  1091 | D:2      | Noticed Terence
  1122 | D:2      | Killed Terence
  1778 | D:3      | Learned a level 4 spell: Fulminant Prism
  1886 | D:3      | Found Ympixtes's Antique Armour Boutique.
  1901 | D:3      | Reached XP level 6. HP: 39/39 MP: 8/10
  2001 | D:3      | Found a sparkling altar of Nemelex Xobeh.
  2233 | D:3      | Noticed Ijyb
  2240 | D:3      | Killed Ijyb
  2327 | D:3      | Reached skill level 1 in Hexes
  2453 | D:3      | Found a runed translucent door.
  2454 | D:3      | Noticed Crazy Yiuf
  2602 | D:3      | Noticed Jessica
  2607 | D:3      | Killed Jessica
  2910 | D:3      | Killed Crazy Yiuf
  3527 | D:4      | Reached XP level 7. HP: 45/45 MP: 9/12
  3880 | D:4      | Reached skill level 5 in Stealth
  4139 | D:5      | Entered Level 5 of the Dungeon
  4193 | D:5      | Reached skill level 6 in Conjurations
  4922 | D:6      | Found a sacrificial altar of Ru.
  5010 | D:6      | Reached XP level 8. HP: 42/52 MP: 9/13
  5188 | D:6      | Found a staircase to the Ecumenical Temple.
  5205 | D:6      | Found a hazy altar of Hepliaklqana.
  5215 | Temple   | Entered the Ecumenical Temple
  5323 | Temple   | Became a worshipper of Uskayaw the Reveller
  5363 | D:6      | Found a bloodstained altar of Trog.
  5379 | D:6      | Reached * piety under Uskayaw
  5384 | D:6      | Reached ** piety under Uskayaw
  5401 | D:6      | Found an ancient bone altar of Kikubaaqudgha.
  5402 | D:6      | Found an ornate altar of the Wu Jian Council.
  5403 | D:6      | Found a burning altar of Makhleb.
  5565 | D:6      | Reached skill level 7 in Conjurations
  5565 | D:6      | Reached *** piety under Uskayaw
  5672 | D:6      | Found Quzuceqe's Tiny Tomes.
  5999 | D:7      | Reached **** piety under Uskayaw
  6086 | D:7      | Noticed Pikel
  6111 | D:7      | Killed Pikel
  6112 | D:7      | Reached skill level 5 in Hexes
  6112 | D:7      | Reached XP level 9. HP: 43/59 MP: 5/16
  6303 | D:7      | Found Oriuth's Fire Supplies.
  6671 | D:7      | Reached skill level 8 in Conjurations
  6749 | D:7      | Noticed Maggie
  6768 | D:7      | Killed Maggie
  6769 | D:7      | Reached skill level 1 in Unarmed Combat
  6769 | D:7      | Reached skill level 1 in Invocations
  6793 | D:7      | Reached skill level 1 in Shields
  7084 | D:8      | Reached skill level 5 in Spellcasting
  7201 | D:8      | Found a sand-covered staircase.
  7277 | Ossuary  | Entered an ossuary
  8041 | D:8      | Noticed Joseph
  8063 | D:8      | Reached skill level 5 in Fighting
  8063 | D:8      | Reached XP level 10. HP: 9/66 MP: 9/17
  8064 | D:8      | Shot with a sling bullet by Joseph

Illustrated notes

Levels and vault maps discovered:
D:1:      dpeg_arrival_snail, layout_loops_cross,
          chequers_ecumenical_altar_simple_redux
D:2:      layout_loops_ring, amcnicky_mini_corridor_feature, uniq_natasha,
          uniq_terence
D:3:      layout_loops_corners, mainiacjoe_overflow_24_doors, serial_shops,
          shop, kennysheep_jessica_study, uniq_crazy_yiuf_cottage, uniq_ijyb
D:4:      kennysheep_big_flooded_room, layout_loops_corners
D:5:      layout_basic
D:6:      cheibrodos_quashed, layout_loops_ring,
          mainiacjoe_overflow_cross_hatched, grunt_temple_overflow_open,
          temple_fountains, nicolae_shop_i_like_small_books_too
D:7:      layout_basic, nicolae_shop_fire_sale [nicolae_sub_dead_trees],
          uniq_pikel, uniq_maggie
D:8:      layout_loops_ring, nicolae_overflow_hidden_temple,
          nicolae_ossuary_entry_plus, st_stairs_1, uniq_joseph
Temple:   kb_temple_of_zot

Skill      XL: |  1  2  3  4  5  6  7  8  9 |
---------------+----------------------------+-----
Stealth        | 3 4 5 |  5.0
Fighting       | 1 2 3 4 5 |  5.0
Conjurations   | 5 6 7 8 |  8.7
Spellcasting   | 3 4 5 |  5.2
Hexes          | 1 3 5 6 |  6.0
Unarmed Combat | 2 |  2.1
Invocations    | 3 |  3.2
Shields        | 2 |  2.1
Dodging        | 3 |  3.0

Action                     |  1- 3 |  4- 6 |  7- 9 | 10-12 || total
---------------------------+-------+-------+-------+-------++-------
  Melee: Unarmed           |     1 |     7 |    25 |       ||    33
         Tentacles         |       |     4 |     9 |       ||    13
         Constrict         |       |     1 |     4 |       ||     5
   Cast: Magic Dart        |    80 |   166 |   393 |     2 ||   641
         Fulminant Prism   |       |       |    13 |       ||    13
 Invoke: Stomp             |       |       |     2 |       ||     2
    Use: Scroll            |     3 |       |     2 |       ||     5
         Potion            |       |     2 |     2 |       ||     4
   Stab: Paralysed         |       |       |     3 |       ||     3
 Armour: Skin              |       |       |     4 |       ||     4
  Dodge: Dodged            |     7 |    29 |   150 |     1 ||   187
